 Dungeon Crawl Stone Soup version 0.22-a0-399-gc4eb3cb (webtiles) character file.

67 Astral24 the Chopper (level 4, -2/40 HPs)
             Began as a Hill Orc Monk on May 3, 2018.
             Slain by an adder (4 damage)
             ... on level 2 of the Dungeon on May 5, 2018.
             The game lasted 00:14:59 (2184 turns).

Astral24 the Chopper (Hill Orc Monk)                Turns: 2184, Time: 00:15:00

Health: -2/40      AC:  8    Str: 14    XL:     4   Next: 16%
Magic:  13/13      EV:  7    Int: 10    God:
Gold:   79         SH:  0    Dex: 13    Spells: 3/3 levels left

rFire    . . .     SeeInvis .   d - -3 blowgun (curse)
rCold    . . .     Gourm    .   (no shield)
rNeg     . . .     Faith    .   m - +0 chain mail
rPois    .         Spirit   .   (no helmet)
rElec    .         Reflect  .   (no cloak)
rCorr    .         Harm     .   (no gloves)
MR       .....                  (no boots)
Stlth    ..........             (no amulet)
HPRegen  0.13/turn              j - ring of magical power
MPRegen  0.13/turn              (no ring)

@: lethally poisoned (-2 -> -4)
A: no striking features
a: no special abilities


You were on level 2 of the Dungeon.
You were not hungry.

You visited 1 branch of the dungeon, and saw 3 of its levels.

You collected 79 gold pieces.

Inventory:

Hand Weapons
 a - a +0 hand axe
 d - a cursed -3 blowgun (weapon)
Missiles
 i - 52 stones
 n - 12 arrows
 p - 11 poisoned needles (quivered)
Armour
 m - a +0 chain mail (worn)
Jewellery
 j - a ring of magical power (left hand)
Scrolls
 b - a scroll of noise {unknown}
 f - a scroll of enchant weapon {unknown}
 g - a scroll of magic mapping {unknown}
 k - a scroll of identify {unknown}
 l - a scroll of remove curse {unknown}
 o - a scroll of amnesia {unknown}
Potions
 e - 3 potions of degeneration {unknown}
 h - a potion of resistance {unknown}
Comestibles
 c - 5 rations


   Skills:
 + Level 4.2 Fighting
 + Level 4.9 Axes
 + Level 0.2 Throwing
 + Level 1.2 Armour
 + Level 2.8 Dodging
 + Level 1.8 Stealth


You had 3 spell levels left.
You didn't know any spells.

Dungeon Overview and Level Annotations

Branches:
Dungeon (3/15)

Altars:


Message History

The adder bites you but does no damage. The adder barely misses you.
The adder bites you but does no damage. The adder barely misses you.
The adder bites you but does no damage. The adder closely misses you.
The adder bites you but does no damage.
There is an open door here.
The adder barely misses you. The adder bites you.
* * * LOW HITPOINT WARNING * * *
The adder closely misses you. The adder bites you but does no damage.
The adder bites you.
* * * LOW HITPOINT WARNING * * *
You are lethally poisoned!
The adder poisons you!
* * * LOW HITPOINT WARNING * * *
You feel sick. The adder bites you.
You die...

####........#
......#'###########
......#...........#
..................#
.....#............#
.#####.)###########
## #.>#
####################
...............S@..#
##################.#
#...........#.#
#.#########.#.###
#.# #...).....# #.#
#.###.#>#.# #.#
#.....#.#.# #.#
#######.#.# #.#
#<#.#


You could see an adder.

Vanquished Creatures
  2 adders (D:2)
  2 worms (D:2)
  2 leopard geckos
  A ball python (D:2)
  3 bats (D:2)
  5 giant cockroaches
  5 goblins
  6 hobgoblins
  3 jackals (D:2)
  2 frilled lizards
  A jackal skeleton (D:3)
  2 kobolds
  4 rats
38 creatures vanquished.

Notes
Turn   | Place    | Note
-------+----------+-------------------------------------------
     0 | D:1      | Astral24 the Hill Orc Monk began the quest for the Orb.
     0 | D:1      | Reached XP level 1. HP: 19/19 MP: 1/1
   513 | D:1      | Reached XP level 2. HP: 24/27 MP: 2/2
  1053 | D:2      | Reached XP level 3. HP: 33/33 MP: 3/3
  1899 | D:2      | Upgraded the game from 0.22-a0-395-gfed312b to 0.22-a0-399-gc4eb3cb
  1920 | D:2      | Reached skill level 1 in Armour
  1920 | D:2      | Reached XP level 4. HP: 31/40 MP: 4/4
  2182 | D:2      | HP: 2/40 [poisoned by an adder]
  2184 | D:2      | Slain by an adder

Vault maps used:
D:1:      sevenhm_arrival_forest_fort_small_4, minmay_misc_feat_diagonals,
          glass_columns_a

Skill      XL: |  1  2  3 |
---------------+----------+-----
Fighting       | 4 |  4.2
Armour         | 1 |  1.2
Axes           | |  4.9
Throwing       | |  0.2
Dodging        | |  2.8
Stealth        | |  1.8

Action                   |  1- 3 |  4- 6 || total
-------------------------+-------+-------++-------
Melee: Hand axe          |   145 |     3 ||   148
 Fire: Blowgun           |       |     7 ||     7
Throw: Stone             |    39 |       ||    39
 Stab: Sleeping          |     2 |       ||     2
  Eat: Chunk             |     3 |     1 ||     4
Armor: Robe              |     3 |       ||     3
       Ring mail         |    44 |       ||    44
       Chain mail        |       |    13 ||    13
Dodge: Dodged            |   100 |    15 ||   115

Table legend:
 A = Spawn XP
 B = Non-spawn XP
 C = Spawn XP percentage of total XP
 D = Spawn monster count
 E = Non-spawn monster count
 F = Spawn count percentage of total count
 G = Total turns spent on level
                    A         B        C        D         E        F      G
               +---------+---------+-------+---------+---------+-------+---------
         Total |       0 |      96 |   0.0 |       0 |      38 |   0.0 |  2184
               +---------+---------+-------+---------+---------+-------+---------
           D:1 |       0 |      20 |   0.0 |       0 |      11 |   0.0 |   887
           D:2 |       0 |      72 |   0.0 |       0 |      24 |   0.0 |  1180
           D:3 |       0 |       4 |   0.0 |       0 |       3 |   0.0 |   117
               +---------+---------+-------+---------+---------+-------+---------
